 Dungeon Sprint DCSS version 0.30.0-2-g1aa4bd4387 (webtiles) character file.

Game seed: 4815069448080124242

7277 Groucho the Ninja (level 10, -21/63 HPs)
             Began as a Felid Berserker on May 7, 2023.
             Was a Priest of Trog.
             Killed from afar by Lom Lobon (51 damage)
             ... with a great icy blast
             ... in the Dungeon (Sprint I: "Red Sonja").
             The game lasted 00:12:07 (3982 turns).

Groucho the Ninja (Felid Berserker)                 Turns: 3982, Time: 00:12:08

Health: -21/63     AC:  3    Str: 13    XL:     10   Next: 89%
Magic:  11/11      EV: 36    Int:  8    God:    Trog [***...]
Gold:   2709       SH:  5    Dex: 21    Spells: 9/9 levels left
                                        Lives:  0   Deaths: 2

rFire   + +          .
                       - Unarmed
rCold   + . .        (shield unavailable)
rNeg    . . .        (body armour unavailable)
rPois   .            (helmet unavailable)
rElec   +            (cloak unavailable)
rCorr   .            (gloves unavailable)
SInv    +            (boots unavailable)
Will    +++..        o - amulet of reflection
Stlth   ++++++++++   i - ring of protection from fire
HPRegen 1.30/turn    n - ring of protection from fire
MPRegen 0.12/turn

%: no teleportation, reflection
@: strong-willed, on berserk cooldown, regenerating, slowed, unable to drink,
slow
A: very small, claws 1, fangs 3, see invisible, speed 1, shaggy fur 3, stealthy
paws, no weapons or thrown items, no armour, multi-lived, horns 1, robust 1,
electricity resistance, inability to drink after injury 1
a: Renounce Religion, Berserk, Trog's Hand


You were in the Dungeon.
You worshipped Trog.
Trog was most pleased with you.
You visited 1 branch You collected 3894 gold pieces.
You spent 1185 gold pieces at shops.

Inventory:

Magical Staves
 b - the staff of earth "Toogufoa" {rC+ Int+2}
   (You found it in the Dungeon)

   [staff of earth]

   Base accuracy: +5 Base damage: 5 Base attack delay: 1.2 This weapon's minimum
   attack delay (0.6) is reached at skill level 12.
   Int:       It affects your intelligence (+2).
   rC:        It protects you from cold.
   It falls into the 'Staves' category.
   It is a two-pawed weapon.
   Trog disapproves of the use of such an item.
 s - the staff of poison "Komuihak" {rPois Dex+2}
   (You found it in the Dungeon)

   [staff of poison]

   Base accuracy: +5 Base damage: 5 Base attack delay: 1.2 This weapon's minimum
   attack delay (0.6) is reached at skill level 12.
   Dex:       It affects your dexterity (+2).
   rPois:     It protects you from poison.
   It falls into the 'Staves' category.
   It is a two-pawed weapon.
   Trog disapproves of the use of such an item.
Jewellery
 i - a ring of protection from fire (left paw)
 n - a ring of protection from fire (right paw)
 o - an amulet of reflection (around neck)
 t - the ring "Rayffe" {Ice rElec Dex+6 Slay+2}
   (You found it in the Dungeon)

   [ring of ice]

   It enhances your ice magic.
   Dex:       It affects your dexterity (+6).
   Slay:      It affects your accuracy & damage with ranged weapons and melee
   (+2).
   rF:        It makes you vulnerable to fire.
   rC:        It protects you from cold.
   rElec:     It insulates you from electricity.
Wands
 g - a wand of roots (7)
 h - a wand of flame (21)
Scrolls
 f - 3 scrolls of identify {unknown}
 j - a scroll of vulnerability {unknown}
 m - a scroll of acquirement {unknown}
 q - a scroll of magic mapping {unknown}
Potions
 a - 2 potions of curing
 c - a potion of haste
 d - 2 potions of magic
 e - a potion of berserk rage
 k - a potion of cancellation {unknown}
 l - 2 potions of flight
 p - 3 potions of mutation
 r - a potion of degeneration {unknown}


   Skills:
 + Level 15.8 Fighting
 + Level 20.0 Dodging
 O Level 27 Stealth
 * Level 17.9 Unarmed Combat


You had 9 spell levels left.
You didn't know any spells.
Your spell library was empty.

Dungeon Overview and Level Annotations

Branches:
Dungeon (1/1)

Altars:
Cheibriados
Dithmenos
Elyvilon
Fedhas
Gozag
Hepliaklqana
Kikubaaqudgha
Makhleb
Nemelex Xobeh
Okawaru
Qazlal
Ru
Sif Muna
Trog
Uskayaw
Vehumet
Wu Jian
Xom
Yredelemnul
Zin
The Shining One
Jiyva
Lugonu

Shops:
D :![=[(((*[[!*=:*(=![:*

Annotations:
D Lom Lobon


Innate Abilities, Weirdness & Mutations

You have sharp claws.
You have razor-sharp teeth.
You have supernaturally acute eyesight. (SInv)
You cover ground quickly. (Speed+)
Your thick and shaggy fur keeps you warm. (AC +3, rC+)
Your paws help you pounce on unaware monsters.
You are incapable of wielding weapons or throwing items.
You cannot wear armour.
You gain extra lives every three experience levels.
You have a pair of small horns on your head.
You are robust. (+10% HP)
You are resistant to electric shocks. (rElec)
You occasionally lose the ability to drink potions when taking damage.


Message History

No target in view!
No target in view!
No target in view!
You feel a strong urge to attack something.
Lom Lobon screams, "Thy throat shall be my snack!"
Lom Lobon gestures.
Lom Lobon blinks!
You see here the felid corpse of Groucho.
Lom Lobon gestures. 3 ball lightnings come into view.
You feel your anger nearly subside.
You are no longer berserk.
You are exhausted.
You feel yourself slow down.
The ball lightning explodes!
The blast of lightning engulfs the ball lightning.
The ball lightning completely resists.
The blast of lightning engulfs you! You resist.
The blast of lightning engulfs Lom Lobon.
Lom Lobon completely resists.
The blast of lightning engulfs the ball lightning.
The ball lightning completely resists.
The ball lightning explodes!
The blast of lightning engulfs you! You resist.
The blast of lightning engulfs Lom Lobon.
Lom Lobon completely resists.
The blast of lightning engulfs the ball lightning.
The ball lightning completely resists.
You scratch Lom Lobon but do no damage. Your headbutt misses Lom Lobon.
Your bite misses Lom Lobon.
Lom Lobon is lightly wounded.
The ball lightning explodes!
The blast of lightning engulfs you! You resist.
The blast of lightning engulfs Lom Lobon.
Lom Lobon completely resists.
Lom Lobon gestures at you.
Lom Lobon conjures a mighty blast of ice!
The great icy blast engulfs you!!! You partially resist.
You feel threatened and lose the ability to drink potions!
Ouch! That really hurt!
You die...

####################
§§§§.§.§§..#..§§§§§#
##.§..§##..'§§#§§§§##
##.§§#######§#§§§§§#####
###+#)[?##.)#§@&§.#...#
#.##$$$#.)##§§§§#[∩(#
#..###$#.)≈###§##..§#
##.#A#$#..≈.|#.####'#
#..###$#..≈.##'#....##
#.##..$#..≈##....§...##
#..#+###..≈#..§.§§....#
##...#.≈..##...§......##
###.#.≈..#......=...§.#


You could see Lom Lobon (gusty).

Vanquished Creatures
  4 fire giants (D)
  A deep elf annihilator (D)
  A hydra (D)
  2 centaur warriors (D)
  Sonja (D)
  A deep troll (D)
  A lindwurm (D)
  An oklob plant (D)
  A shining eye (D)
  4 demonic crawlers (D)
  2 merfolk sirens (D)
  7 unseen horrors (D)
  2 kobold demonologists (D)
  A hellwing (D)
  A hornet (D)
  A slime creature (D)
  Sigmund (D)
  13 hogs (D)
  A yak (D)
  2 redbacks (D)
  4 floating eyes (D)
  An ogre (D)
  7 necrophages (D)
  8 jellies (D)
  Ijyb (D)
69 creatures vanquished.

Vanquished Creatures (collateral kills)
  the Lernaean hydra (D)
  A golden dragon (D)
  A shadow dragon (D)
  A mummy priest (D)
  An oklob plant (D)
  7 shining eyes (D)
  A hornet (D)
  3 floating eyes (D)
16 creatures vanquished.

Vanquished Creatures (others)
  A deep elf master archer (D)
  A gargoyle (D)
  3 hornets (D)
  12 ball lightnings (D)
17 creatures vanquished.

Grand Total: 102 creatures vanquished

Notes
Turn   | Place    | Note
-------+----------+-------------------------------------------
     0 | D        | Groucho the Felid Berserker began the quest for the Orb.
     0 | D        | Reached XP level 1. HP: 10/10 MP: 2/2
     2 | D        | Noticed Ijyb
     6 | D        | Killed Ijyb
     7 | D        | Reached skill level 8 in Stealth
     7 | D        | Reached XP level 2. HP: 9/14 MP: 3/3
   249 | D        | Noticed an ogre
   251 | D        | Killed an ogre
   252 | D        | Reached skill level 12 in Stealth
   252 | D        | Reached XP level 3. HP: 17/17 MP: 4/4
   252 | D        | Reached XP level 4. HP: 21/21 MP: 5/5
   265 | D        | Noticed Sigmund
   267 | D        | Killed Sigmund
   267 | D        | Reached ** piety under Trog
   268 | D        | Reached skill level 16 in Stealth
   268 | D        | Reached XP level 5. HP: 24/24 MP: 6/6
   280 | D        | Found a shimmering blue altar of Sif Muna.
   281 | D        | Found an ornate altar of the Wu Jian Council.
   282 | D        | Found a radiant altar of Vehumet.
   287 | D        | Reached skill level 17 in Stealth
   287 | D        | Gained mutation: You are covered in thick fur. (AC +2)
                  | [Felid growth]
   287 | D        | Reached XP level 6. HP: 28/28 MP: 7/7
   316 | D        | Found Dyizi's Jewellery Emporium.
   316 | D        | Found an ancient bone altar of Kikubaaqudgha.
   316 | D        | Found a hazy altar of Hepliaklqana.
   316 | D        | Found a stormy altar of Qazlal.
   316 | D        | Found a hide-covered altar of Uskayaw.
   316 | D        | Found a blossoming altar of Fedhas.
   316 | D        | Found a bloodstained altar of Trog.
   316 | D        | Found an iron altar of Okawaru.
   316 | D        | Found a basalt altar of Yredelemnul.
   316 | D        | Found a glowing golden altar of the Shining One.
   316 | D        | Found a snail-covered altar of Cheibriados.
   316 | D        | Found a sacrificial altar of Ru.
   316 | D        | Found a glowing silver altar of Zin.
   316 | D        | Found a shadowy altar of Dithmenos.
   316 | D        | Found a white marble altar of Elyvilon.
   316 | D        | Noticed a yak
   317 | D        | Found an opulent altar of Gozag.
   318 | D        | Killed a yak
   319 | D        | Reached skill level 5 in Dodging
   319 | D        | Reached skill level 18 in Stealth
   319 | D        | Found a sparkling altar of Nemelex Xobeh.
   337 | D        | Found a burning altar of Makhleb.
   337 | D        | Found a shimmering altar of Xom.
   337 | D        | Noticed a slime creature
   338 | D        | Found a viscous altar of Jiyva.
   338 | D        | Found a corrupted altar of Lugonu.
   340 | D        | Killed a slime creature
   340 | D        | Reached *** piety under Trog
   341 | D        | Reached XP level 7. HP: 33/33 MP: 8/8
   361 | D        | Noticed a centaur warrior
   367 | D        | Noticed a centaur warrior
   368 | D        | Killed a centaur warrior
   369 | D        | Reached skill level 20 in Stealth
   369 | D        | Reached XP level 8. HP: 39/39 MP: 9/9
   369 | D        | Killed a centaur warrior
   370 | D        | Reached skill level 21 in Stealth
   382 | D        | Noticed a hornet
   400 | D        | Killed a hornet
   401 | D        | Reached skill level 10 in Dodging
   413 | D        | Noticed an oklob plant
   415 | D        | Killed an oklob plant
   415 | D        | Reached **** piety under Trog
   416 | D        | Reached skill level 22 in Stealth
   416 | D        | Reached XP level 9. HP: 44/44 MP: 10/10
   580 | D        | Noticed an unseen horror
   581 | D        | Noticed an unseen horror
   587 | D        | Killed an unseen horror
   598 | D        | Killed an unseen horror
   598 | D        | Reached ***** piety under Trog
   599 | D        | Reached skill level 23 in Stealth
  1124 | D        | Reached ****** piety under Trog
  1434 | D        | Reached XP level 10. HP: 49/49 MP: 11/11
  1439 | D        | Identified the +1 robe of Mental Paralysis {rPois rC+
                  | Will++}
  1449 | D        | Found Tiepnuju's Antique Weapon Shoppe.
  1449 | D        | Found Buoh Dai's Weapon Shop.
  1449 | D        | Found Ofirois's Assorted Antiques.
  1451 | D        | Found Guqoe's Armour Emporium.
  1451 | D        | Found Pasaeluef's Armour Shop.
  1451 | D        | Found Tob Purph's Distillery.
  1451 | D        | Found Igroirch's Assorted Antiques.
  1451 | D        | Found Osuyno's Jewellery Emporium.
  1451 | D        | Found Vilesiun's Book Shop.
  1451 | D        | Found Sifonn's Assorted Antiques.
  1455 | D        | Found Diclac's Weapon Boutique.
  1456 | D        | Found Wonaghim's Distillery.
  1456 | D        | Found Fumyblei's Jewellery Boutique.
  1457 | D        | Found Kaplum's Book Emporium.
  1471 | D        | Bought a ring of protection from fire for 250 gold pieces
  1517 | D        | Noticed a deep troll
  1519 | D        | Killed a deep troll
  1520 | D        | Reached skill level 24 in Stealth
  1531 | D        | Found Zydoppip's Armour Emporium.
  1543 | D        | Noticed Sonja
  1546 | D        | Killed Sonja
  1547 | D        | Reached skill level 10 in Fighting
  1547 | D        | Reached skill level 10 in Unarmed Combat
  1560 | D        | Found Jidom's Book Boutique.
  1593 | D        | Noticed a shining eye
  1593 | D        | Noticed a shining eye
  1593 | D        | Noticed a shining eye
  1593 | D        | Noticed a shining eye
  1593 | D        | Noticed a shining eye
  1593 | D        | Noticed a shining eye
  1595 | D        | Killed a shining eye
  1596 | D        | Killed a shining eye
  1597 | D        | Reached skill level 25 in Stealth
  1597 | D        | Gained mutation: Your magical capacity is low. (-10% MP) [a
                  | shining eye]
  1598 | D        | Killed a shining eye
  1598 | D        | Killed a shining eye
  1598 | D        | Gained mutation: You are weak. (Str -2) [a shining eye]
  1600 | D        | Killed a shining eye
  1602 | D        | Noticed a shining eye
  1602 | D        | Noticed a shining eye
  1604 | D        | Killed a shining eye
  1605 | D        | Reached XP level 11. HP: 55/55 MP: 10/10
  1605 | D        | Killed a shining eye
  1606 | D        | Reached skill level 26 in Stealth
  1608 | D        | Killed a shining eye
  1615 | D        | Found Rywaxieg's Antique Armour Shop.
  1615 | D        | Found Jossus's Distillery.
  1615 | D        | Found Xiowogg's Weapon Boutique.
  1615 | D        | Found Ceinynt's Antique Armour Emporium.
  1632 | D        | Bought a potion of flight for 33 gold pieces
  1632 | D        | Bought a potion of flight for 33 gold pieces
  1632 | D        | Bought a potion of mutation for 88 gold pieces
  1632 | D        | Lost mutation: Your magical capacity is low. (-10% MP)
                  | [potion of mutation]
  1632 | D        | Lost mutation: You are weak. (Str -2) [potion of mutation]
  1632 | D        | Gained mutation: You occasionally lose the ability to read
                  | scrolls when taking damage. [potion of mutation]
  1632 | D        | Gained mutation: Your body sometimes deteriorates upon
                  | taking damage. [potion of mutation]
  1688 | D        | Bought 2 potions of mutation for 192 gold pieces
  1688 | D        | Lost mutation: Your body sometimes deteriorates upon taking
                  | damage. [potion of mutation]
  1688 | D        | Lost mutation: You occasionally lose the ability to read
                  | scrolls when taking damage. [potion of mutation]
  1688 | D        | Gained mutation: You have hidden genetic defects. [potion
                  | of mutation]
  1688 | D        | Gained mutation: Your mind is acute. (Int +4, Str/Dex -1)
                  | [potion of mutation]
  1688 | D        | Gained mutation: Your body sometimes deteriorates upon
                  | taking damage. [potion of mutation]
  1688 | D        | Gained mutation: You are resistant to electric shocks.
                  | (rElec) [potion of mutation]
  1689 | D        | Lost mutation: Your body sometimes deteriorates upon taking
                  | damage. [potion of mutation]
  1689 | D        | Lost mutation: You have hidden genetic defects. [potion of
                  | mutation]
  1689 | D        | Lost mutation: Your mind is acute. (Int +4, Str/Dex -1)
                  | [potion of mutation]
  1689 | D        | Gained mutation: You have a pair of small horns on your
                  | head. [potion of mutation]
  1689 | D        | Gained mutation: You are robust. (+10% HP) [potion of
                  | mutation]
  1689 | D        | Gained mutation: You occasionally lose the ability to drink
                  | potions when taking damage. [potion of mutation]
  1750 | D        | Reached skill level 15 in Dodging
  1754 | D        | Reached skill level 27 in Stealth
  1771 | D        | Noticed a lindwurm
  1779 | D        | Killed a lindwurm
  1859 | D        | Noticed a 12-headed hydra
  1861 | D        | Killed a 12-headed hydra
  2216 | D        | Noticed a shadow dragon
  2216 | D        | Noticed a golden dragon
  2226 | D        | Killed a golden dragon
  2230 | D        | Killed a shadow dragon
  2231 | D        | Gained mutation: Your thick and shaggy fur keeps you warm.
                  | (AC +3, rC+) [Felid growth]
  2231 | D        | Reached XP level 12. HP: 54/70 MP: 13/13
  2343 | D        | Found Tixtoyku's General Store.
  2465 | D        | Bought a ring of protection from fire for 250 gold pieces
  2465 | D        | Bought an amulet of reflection for 300 gold pieces
  2532 | D        | Noticed a daeva
  2544 | D        | Reached skill level 15 in Unarmed Combat
  2549 | D        | Noticed a fire giant
  2552 | D        | Noticed a fire giant
  2553 | D        | Noticed a fire giant
  2554 | D        | Noticed a fire giant
  2556 | D        | Killed a fire giant
  2560 | D        | Killed a fire giant
  2562 | D        | Killed a fire giant
  2564 | D        | Killed a fire giant
  2565 | D        | Reached skill level 15 in Fighting
  2640 | D        | Noticed a deep elf annihilator
  2665 | D        | Killed a deep elf annihilator
  2670 | D        | HP: 2/72 [poisoned by a deep elf annihilator (poison
                  | arrow)]
  3148 | D        | Noticed a mummy priest
  3148 | D        | Noticed the 27-headed Lernaean hydra
  3181 | D        | Killed the 26-headed Lernaean hydra
  3182 | D        | Noticed a jiangshi
  3192 | D        | Noticed a jiangshi
  3200 | D        | Killed a mummy priest
  3742 | D        | Bought a potion of flight for 39 gold pieces
  3774 | D        | Identified the ring "Rayffe" {Ice rElec Dex+6 Slay+2}
  3774 | D        | Noticed a deep elf master archer
  3787 | D        | Noticed Lom Lobon
  3789 | D        | Identified the staff of earth "Toogufoa" {rC+ Int+2}
  3792 | D        | Identified the staff of poison "Komuihak" {rPois Dex+2}
  3812 | D        | Killed from afar by Lom Lobon
  3813 | D        | Reached XP level 11. HP: -36/68 MP: 12/12
  3838 | D        | Killed a deep elf master archer
  3962 | D        | Killed by an exploding ball lightning
  3963 | D        | Reached XP level 10. HP: -1/63 MP: 11/11
  3982 | D        | Killed from afar by Lom Lobon

Illustrated notes

Levels and vault maps discovered:
D:        dungeon_sprint_1 [red_sonja_temple_1, red_sonja_temple_small_1]

Skill      XL: |  1  2  3  4  5  6  7  8  9 10 11 12 |
---------------+-------------------------------------+-----
Stealth        | 8 12 16 17 18 20 22 23 25 27 | 27.0
Fighting       | 4 6 8 9 11 14 15 | 15.8
Dodging        | 6 8 10 12 14 17 20 | 20.0
Unarmed Combat | 4 6 8 9 11 14 17 | 17.9

Action                     |  1- 3 |  4- 6 |  7- 9 | 10-12 || total
---------------------------+-------+-------+-------+-------++-------
  Melee: Unarmed           |     4 |     4 |    76 |   101 ||   185
         Punch             |     1 |       |     4 |    10 ||    15
         Bite              |       |       |     8 |    18 ||    26
         Headbutt          |       |       |       |    26 ||    26
 Invoke: Berserk           |     1 |       |     1 |     3 ||     5
         Trog's Hand       |       |       |     1 |     7 ||     8
         Brothers in Arms  |       |       |       |    14 ||    14
    Use: Scroll            |       |       |     1 |       ||     1
         Potion            |       |       |       |     6 ||     6
   Stab: Sleeping          |     1 |     4 |    14 |    19 ||    38
 Armour: Skin              |       |       |     3 |       ||     3
  Dodge: Dodged            |     1 |       |    60 |    77 ||   138
  Block: Other             |       |       |       |     3 ||     3
